 Dungeon Crawl Stone Soup version bcrawl-1.29.2 (webtiles) character file.

Game seed: 3601570672469406963

131252 Anonimiaus the Skirmisher (level 4, -1/51 HPs)
             Began as an Ent Fighter on Feb 22, 2021.
             Was an Initiate of Gozag.
             Killed from afar by an orc wizard (5 damage)
             ... with a magic dart
             ... on level 3 of the Dungeon.
             The game lasted 00:05:35 (2089 turns).

Anonimiaus the Skirmisher (Ent Fighter)             Turns: 2089, Time: 00:05:36

Health: -1/51      AC: 11    Str: 25    XL:     4   Next: 49%
Magic:  4/4        EV:  7    Int:  8    God:    Gozag
Gold:   213        SH:  9    Dex:  9    Spells: 3/3 levels left

rFire    . . .     SeeInvis .   a - +0 trident
rCold    . . .     Gourm    .   b - +0 medium shield
rNeg     + + +     Faith    .   (armour unavailable)
rPois    +         Spirit   .   (helmet restricted)
rElec    .         Reflect  .   (no cloak)
rCorr    .         Harm     .   (gloves unavailable)
MR       .....                  (boots unavailable)
Stlth    ++........             (no amulet)
HPRegen  0.17/turn              (no ring)
MPRegen  0.09/turn              (no ring)

@: very slow
A: large, slow actions, passwall, negative energy resistance 3, poison
resistance, slow metabolism 1, torment resistance, unbreathing, AC +11
a: Passwall, Potion Petition, Call Merchant, Bribe Branch, Renounce Religion


You were on level 3 of the Dungeon.
You worshipped Gozag.
Gozag was aware of your devotion.
You were near starving.

You visited 1 branch of the dungeon, and saw 3 of its levels.

You collected 269 gold pieces.
You paid 56 gold pieces to Gozag.

Inventory:

Hand Weapons
 a - a +0 trident (weapon)
Armour
 b - a +0 medium shield (worn)
Scrolls
 f - a scroll of fog {unknown}
 i - 4 scrolls of identify
 j - 4 scrolls of remove curse {unknown}
 m - a scroll of magic mapping {unknown}
 o - a scroll of enchant weapon {unknown}
 q - a scroll of enchant armour {unknown}
Potions
 c - 2 potions of might
 d - a potion of cancellation {unknown}
 g - 2 potions of mutation {unknown}
 h - 2 potions of invisibility {unknown}
 k - a potion of haste {unknown}
 l - a potion of heal wounds {unknown}
 n - a potion of curing {unknown}
 p - a potion of agility {unknown}
 r - a potion of ambrosia {unknown}
Comestibles
 e - 8 rations {!d}


   Skills:
 + Level 3.9 Fighting
 + Level 3.0 Polearms
 + Level 3.2 Dodging
 + Level 2.1 Stealth
 + Level 2.9 Shields


You had 3 spell levels left.
You didn't know any spells.
Your spell library was empty.

Dungeon Overview and Level Annotations

Branches:
Dungeon (3/12)

Altars:
Ashenzari
Gozag
The Shining One

Annotations:
D:3 exclusion: ogre


Innate Abilities, Weirdness & Mutations

You move and act slowly.
You can pass through walls and trees.
Your thick bark is tough. (AC +11)
You are too large for most types of armour.
You are immune to negative energy. (rN+++)
Your system is resistant to poisons. (rPois)
You have a slow metabolism.
You are immune to unholy pain and torment.
You can survive without breathing.


Message History

The orc priest mumbles some strange prayers to Beogh against you.
Beogh smites you! Something hits you but does no damage.
You barely miss something. Something hits you.
* * * LOW HITPOINT WARNING * * *
You miss something. Something hits you but does no damage.
An orc wizard comes into view. It is wielding a +0 dagger.
Something hits you but does no damage.
You miss something.
You hear some strange, mumbled words.
The orc priest mumbles some strange prayers to Beogh against you.
Beogh smites you!
* * * LOW HITPOINT WARNING * * *
Something hits you but does no damage.
You hit something. Something hits you but does no damage.
You block something's attack.
You hear some strange, mumbled words.
A magic dart appears from out of thin air!
The magic dart hits you.
You die...
Your body crumbles into a pile of gold.

#.#.# #.#.#
#.#.#
#.#.########
#.#.......[#
#.#..#####.#
#.#......#.#
#.##.##.##.#
#....<..##@#
############{#
.....o...o.oo#
##############


You could see an orc priest and an orc wizard.

Vanquished Creatures
  A crimson imp (D:2)
  2 oozes
  A worm (D:2)
  4 dart slugs
  An orc (D:3)
  7 bats
  5 giant cockroaches
  5 goblins
  4 hobgoblins
  A quokka (D:2)
  4 frilled lizards
  7 kobolds
  8 rats
50 creatures vanquished.

Notes
Turn   | Place    | Note
-------+----------+-------------------------------------------
     0 | D:1      | Anonimiaus the Ent Fighter began the quest for the Orb.
     0 | D:1      | Reached XP level 1. HP: 25/25 MP: 1/1
    58 | D:1      | Reached XP level 2. HP: 29/33 MP: 2/2
   114 | D:1      | Reached skill level 1 in Stealth
   322 | D:1      | Reached XP level 3. HP: 40/40 MP: 3/3
   665 | D:2      | Found an opulent altar of Gozag.
  1136 | D:2      | Found a shattered altar of Ashenzari.
  1159 | D:2      | Found a faded altar of an unknown god.
  1446 | D:2      | Reached XP level 4. HP: 41/51 MP: 4/4
  1591 | D:2      | Found a glowing golden altar of the Shining One.
  1694 | D:2      | Became a worshipper of Gozag Ym Sagoz the Greedy
  1991 | D:3      | Noticed an ogre
  2089 | D:3      | Killed from afar by an orc wizard

Skill      XL: |  1  2  3  4 |
---------------+-------------+-----
Stealth        | 1 2 |  2.1
Dodging        | 3 |  3.2
Polearms       | 3 |  3.0
Fighting       | |  3.9
Shields        | |  2.9

Action                   |  1- 3 |  4- 6 || total
-------------------------+-------+-------++-------
Melee: Trident           |    92 |    74 ||   166
 Stab: Sleeping          |     5 |     3 ||     8
       Distracted        |       |     1 ||     1
  Eat: Chunk             |     4 |     2 ||     6
Armor: Skin              |    46 |    48 ||    94
Dodge: Dodged            |    25 |    19 ||    44
Block: Medium shield     |    45 |    37 ||    82
